 Dungeon Crawl Stone Soup version 0.31-a0-1338-gb567cfdca4 (webtiles) character file.

Game seed: 8203334073703889517

800 jasper the Cruncher (level 7, -3/50 HPs)
             Began as a Human Gladiator on Dec 22, 2023.
             Slain by an unseen horror (8 damage)
             ... on level 5 of the Dungeon.
             The game lasted 00:07:04 (4780 turns).

jasper the Cruncher (Human Gladiator)               Turns: 4780, Time: 00:07:05

Health: -3/50      AC: 12    Str: 17    XL:     7   Next: 90%
Magic:  7/7        EV: 11    Int:  8    God:
Gold:   257        SH:  0    Dex: 14    Spells: 6/6 levels left

rFire   + . .        a - +0 quarterstaff
rCold   . . .        (shield currently unavailable)
rNeg    . . .        g - +0 ring mail
rPois   .            f - +2 hat
rElec   .            (no cloak)
rCorr   .            (no gloves)
SInv    .            u - +0 pair of boots
Will    +....        (no amulet)
Stlth   +            n - ring of protection from fire
HPRegen 0.28/turn    s - +4 ring of protection
MPRegen 0.10/turn

%: no passive effects
@: enlightened, flying
A: explore regen
a: no special abilities


You were on level 5 of the Dungeon.
You visited 2 branches of the dungeon, and saw 6 of its levels.

You collected 257 gold pieces.

Inventory:

Hand Weapons
 a - a +0 quarterstaff (weapon)
Missiles
 d - 3 throwing nets
 e - a javelin
 k - 42 stones (quivered)
 m - 6 darts of dispersal
 o - 4 poisoned darts
Armour
 b - a +0 leather armour
 c - a +1 helmet
 f - a +2 hat (worn)
 g - a +0 ring mail (worn)
 j - a +0 plate armour
 u - a +0 pair of boots (worn)
Jewellery
 n - a ring of protection from fire (left hand)
 s - a +4 ring of protection (right hand)
Scrolls
 h - 2 scrolls of identify
 p - a scroll of butterflies
 q - a scroll of noise
 r - 4 scrolls of blinking {unknown}
Potions
 i - a potion of lignification
 l - a potion of ambrosia
 v - a potion of berserk rage {unknown}


   Skills:
 - Level 2.0 Fighting
 + Level 9.1 Staves
 - Level 2.0 Throwing
 - Level 3.0 Dodging


You had 6 spell levels left.
You didn't know any spells.
Your spell library contained the following spells:

 Spells                   Type           Power      Damage    Failure   Level
 Kiss of Death            Conj/Necr      0%         2d5       63%         1
 Confusing Touch          Hex            0%         N/A       94%         3
 Dispel Undead            Necr           0%         3d6       100%        4


Dungeon Overview and Level Annotations

Branches:
Dungeon (5/15)             Temple (1/1) D:4

Altars:
Cheibriados
Dithmenos
Elyvilon
Hepliaklqana
Makhleb
Nemelex Xobeh
Okawaru
Qazlal
Sif Muna
Trog
Uskayaw
Vehumet
Wu Jian
Xom
The Shining One

Annotations:
Temple 2 transporters


Innate Abilities, Weirdness & Mutations

You regain HP and MP as you explore.


Message History

You take 8 damage, and have 2/50 hp.
It was a potion of enlightenment.
You feel very buoyant.
You fly up into the air.
You are confused.
You feel invigorated.
You regained 4 hp, and now have 7/50 hp.
You regained 4 hp, and now have 11/50 hp.
Something hits you but does no damage. x2
You regained 4 hp, and now have 15/50 hp.
Something hits you but does no damage.
You regained 5 hp, and now have 20/50 hp.
Something hits you.
You regained 2 hp, and now have 22/50 hp.
You feel less invigorated.
You feel less confused. Something hits you but does no damage.
You regained 3 hp, and now have 25/50 hp.
You hit something but do no damage. Something hits you but does no damage.
Something hits you!
You take 8 damage, and have 17/50 hp.
You swing at nothing.
You swing at nothing.
Something hits you but does no damage.
You swing at nothing.
You swing at nothing.
Something hits you. x2
* * * LOW HITPOINT WARNING * * *
You take 4 damage, and have 13/50 hp.
You swing at nothing.
Something hits you but does no damage.
You swing at nothing.
Something hits you but does no damage. x2; Something hits you.
* * * LOW HITPOINT WARNING * * *
You take 1 damage, and have 12/50 hp.
Something hits you but does no damage. Something hits you.
* * * LOW HITPOINT WARNING * * *
You take 2 damage, and have 10/50 hp.
Something hits you but does no damage. x2
Something hits you.
* * * LOW HITPOINT WARNING * * *
Something hits you!
You die...

)............##.##.#.....##.#####
[............##.##.#.######......
##...........##....#.# ######.
......#.##.........#+### #.
##...##................# #.
..........[............#########.
................................>
.. ######.#.###.#.....#########.
.. # #'# #@##.#### #.
#....##....# #. #....#####.# #.
......# ### #. .##..... #. ..
#.....# .. . #...... #.......


There were no monsters in sight!

Vanquished Creatures
  Pikel (D:4)
  2 hounds
  2 orc priests
  An iguana (D:4)
  Natasha (twice) (D:2)
  6 adders
  2 bombardier beetles
  A worm (D:2)
  3 dart slugs
  9 orcs
  3 endoplasms
  4 giant cockroaches
  4 goblins
  6 hobgoblins
  2 jackals (D:3)
  3 kobolds
  3 ball pythons
  7 bats
  4 frilled lizards
  6 rats
71 creatures vanquished.

Notes
Turn   | Place    | Note
-------+----------+-------------------------------------------
     0 | D:1      | jasper the Human Gladiator began the quest for the Orb.
     0 | D:1      | Reached XP level 1. HP: 16/16 MP: 1/1
   338 | D:1      | Reached XP level 2. HP: 22/22 MP: 2/2
   812 | D:1      | Reached skill level 4 in Staves
  1113 | D:2      | Reached XP level 3. HP: 27/27 MP: 3/3
  1772 | D:2      | Reached XP level 4. HP: 18/33 MP: 4/4
  1861 | D:2      | Noticed Natasha
  1870 | D:2      | Killed Natasha
  1871 | D:2      | Reached skill level 5 in Staves
  1941 | D:2      | Noticed Natasha
  2387 | D:2      | Killed Natasha
  2388 | D:2      | Reached XP level 5. HP: 37/38 MP: 5/5
  2965 | D:3      | Found a stormy altar of Qazlal.
  3128 | D:3      | Reached skill level 6 in Staves
  3391 | D:3      | Reached XP level 6. HP: 26/44 MP: 6/6
  3494 | D:4      | Found a staircase to the Ecumenical Temple.
  3504 | Temple   | Found a transporter.
  3504 | Temple   | Found a transporter.
  3504 | Temple   | Found a transporter.
  3504 | Temple   | Found a transporter.
  3504 | Temple   | Entered the Ecumenical Temple
  3510 | D:4      | Found a snail-covered altar of Cheibriados.
  4434 | D:5      | Entered Level 5 of the Dungeon
  4460 | D:4      | Reached skill level 7 in Staves
  4624 | D:5      | Noticed Pikel
  4643 | D:4      | Killed Pikel
  4644 | D:4      | Reached skill level 9 in Staves
  4644 | D:4      | Reached XP level 7. HP: 49/50 MP: 7/7
  4760 | D:5      | HP: 2/50 [something (8)]
  4780 | D:5      | Slain by an unseen horror

Illustrated notes

Levels and vault maps discovered:
D:1:      ebering_hopf_link, layout_loops_corners
D:2:      layout_basic, minmay_misc_feat_cross, uniq_natasha
D:3:      layout_rooms, nicolae_qazlal_eye_of_the_storm
D:4:      layout_basic, lemuel_crystal_altar, minmay_temple_entry_purple_smoke
D:5:      layout_basic, uniq_pikel
Temple:   hellmonk_temple_divided_pantheon

Skill      XL: |  1  2  3  4  5  6 |
---------------+-------------------+-----
Staves         | 4 5 6 9 |  9.1
Fighting       | |  2.0
Throwing       | |  2.0
Dodging        | |  3.0

Action                     |  1- 3 |  4- 6 |  7- 9 || total
---------------------------+-------+-------+-------++-------
  Melee: Quarterstaff      |    91 |   156 |    21 ||   268
  Throw: Stone             |     2 |     8 |       ||    10
         Dart              |       |     4 |       ||     4
         Throwing net      |       |     2 |       ||     2
    Use: Scroll            |     6 |     5 |       ||    11
         Potion            |       |       |     2 ||     2
   Stab: Held in net/web   |       |     1 |       ||     1
 Armour: Leather armour    |    20 |       |       ||    20
         Ring mail         |    21 |    68 |    51 ||   140
  Dodge: Dodged            |    51 |    84 |       ||   135

Table legend: (Time is in decaauts)
 A = Elapsed time spent in this place.
 B = Non-inter-level travel time spent in this place.
 C = Inter-level travel time spent in this place.
 D = Time resting spent in this place.
 E = Time spent auto-exploring this place.
 F = Levels seen in this place.
 G = Mean time per level.
                   A        B        C        D        E       F      G
               +--------+--------+--------+--------+--------+-----+--------+
         Total |   4785 |   4345 |    440 |   1154 |   1909 |   6 |  797.5 |
       Dungeon |   4784 |   4344 |    440 |   1154 |   1909 |   5 |  956.8 |
        Temple |      1 |      1 |      0 |      0 |      0 |   1 |    1.0 |
               +--------+--------+--------+--------+--------+-----+--------+

Top non-repeatable levels by time:
     D:2: 1252 daAuts
     D:1: 1238 daAuts
     D:4: 1189 daAuts
     D:3: 935 daAuts
     D:5: 168 daAuts
  Temple: 1 daAuts
